 Dungeon Crawl Stone Soup version 0.28-a0-653-g7e9dba17c3 (webtiles) character file.

Game seed: 5525775342584786935

10381 ytrimaz the Unseen (level 11, -2/72 HPs)
             Began as an Octopode Brigand on Oct 11, 2021.
             Was a Believer of Dithmenos.
             Slain by a boulder beetle (13 damage)
             ... on level 11 of the Dungeon.
             The game lasted 00:26:16 (13544 turns).

ytrimaz the Unseen (Octopode Brigand)              Turns: 13544, Time: 00:26:17

Health: -2/72      AC:  9    Str: 11    XL:     11   Next: 61%
Magic:  23/23      EV: 20    Int: 14    God:    Dithmenos [**....]
Gold:   451        SH:  0    Dex: 16    Spells: 10/10 levels left

rFire   . . .      SeeInvis +   a - +9 dagger
rCold   . . .      Faith    .   (no shield)
rNeg    . . .      Spirit   .   (helmet restricted)
rPois   .          Reflect  .   (no amulet)
rElec   .          Harm     .   f - ring of see invisible
rCorr   +          Rampage  .   e - ring of the Tortoise {AC+8}
Will    .....      Rnd*Tele +   n - ring of magical power Stlth **++++++++
                                v - +4 ring of evasion
HPRegen 0.22/turn               C - ring of resist corrosion
MPRegen 0.18/turn               (no ring)
                                (no ring)
                                (no ring)

@: wreathed by umbra
A: almost no armour, amphibious, 8 rings, camouflage 2, gelatinous body 1,
(nimble swimmer 1), tentacles, teleportitis 1
a: Renounce Religion, Shadow Step


You were on level 11 of the Dungeon.
You worshipped Dithmenos.
Dithmenos was pleased with you.
You visited 2 branches of the dungeon, and saw 13 of its levels.

You collected 690 gold pieces.
You spent 239 gold pieces at shops.

Inventory:

Hand Weapons
 a - a +9 dagger (weapon)
Missiles
 b - 34 poisoned darts (quivered)
 c - 2 curare-tipped darts
 h - 2 throwing nets
Armour
 r - a +0 buckler
Jewellery
 e - the ring of the Tortoise (right tentacle) {AC+8}
   (You found it on level 4 of the Dungeon)

   [ring of protection]

   AC:        It affects your AC (+8).
 f - a ring of see invisible (left tentacle)
 n - a ring of magical power (on tentacle)
 p - a ring of ice
 v - a +4 ring of evasion (on tentacle)
 C - a ring of resist corrosion (on tentacle)
Wands
 d - a wand of iceblast (23)
 i - a wand of digging (7)
 o - a wand of acid (11)
 s - a wand of charming (4)
Scrolls
 g - 2 scrolls of torment
 k - a scroll of identify
 q - a scroll of noise
 x - 2 scrolls of magic mapping
 y - a scroll of vulnerability
 B - a scroll of enchant weapon
Potions
 j - 2 potions of resistance
 u - 2 potions of curing
 w - 2 potions of cancellation
 z - 3 potions of lignification {unknown}
 A - a potion of magic {unknown}
 D - 2 potions of brilliance {unknown}


   Skills:
 + Level 5.9 Fighting
 + Level 8.6 Short Blades
 - Level 2.0 Throwing
 + Level 6.9 Dodging
 - Level 18.0 Stealth
 * Level 4.7 Invocations


You had 10 spell levels left.
You didn't know any spells.
Your spell library contained the following spells:

 Spells                   Type           Power      Damage    Failure   Level
 Sting                    Tmut/Pois      0%         1d3       28%         1
 Summon Small Mammal      Summ           0%         N/A       28%         1
 Poisonous Vapours        Pois/Air       0%         N/A       41%         2
 Scorch                   Fire           0%         2d5       41%         2
 Call Canine Familiar     Summ           0%         N/A       65%         3
 Summon Guardian Golem    Hex/Summ       0%         N/A       65%         3
 Flame Wave               Conj/Fire      0%         3d3       96%         4
 Olgreb's Toxic Radiance  Pois           0%         N/A       96%         4
 Summon Cactus Giant      Summ           0%         N/A       100%        6


Dungeon Overview and Level Annotations

Branches:
Dungeon (12/15)            Temple (1/1) D:4            Lair (0/6) D:8
    Orc (0/2) D:11

Altars:
Ashenzari
Cheibriados
Dithmenos
Elyvilon
Fedhas
Gozag
Hepliaklqana
Kikubaaqudgha
Makhleb
Nemelex Xobeh
Okawaru
Qazlal
Ru
Sif Muna
Trog
Uskayaw
Vehumet
Wu Jian
Xom
Yredelemnul
Zin
The Shining One

Shops:
D:9 ?

Annotations:
D:10 Nergalle


Innate Abilities, Weirdness & Mutations

You cannot wear most types of armour.
You are amphibious.
You can wear up to eight rings at the same time.
Your skin blends seamlessly with your surroundings (Stealth++).
Your rubbery body absorbs attacks. (AC +1, EV +1)
((You are camouflaged near water. (Stealth+)))
You have tentacles for arms and can constrict up to eight enemies at once.
You are occasionally teleported next to monsters.


Message History

You feel much better. The boulder beetle closely misses you.
The boulder beetle stops rolling and uncurls.
You hit the boulder beetle.
You squeeze the boulder beetle, but do no damage.
The boulder beetle is lightly wounded.
The boulder beetle misses you.
Okay, then.
Okay, then.
Press: ? - help, v - describe, . - travel
Here: a boulder beetle (lightly wounded, umbra)
The floor.
The boulder beetle curls into a ball and begins rolling!
The boulder beetle completely misses you.
The boulder beetle stops rolling and uncurls.
The boulder beetle curls into a ball and begins rolling!
The boulder beetle barely misses you.
The boulder beetle stops rolling and uncurls.
The boulder beetle curls into a ball and begins rolling!
The boulder beetle closely misses you.
The boulder beetle stops rolling and uncurls.
You see here a yak corpse.
There is a stone staircase leading down, spattered with blood here.
You hit the boulder beetle but do no damage.
You hit the boulder beetle.
The boulder beetle is lightly wounded.
The boulder beetle bites you!! The boulder beetle bites you!!
* * * LOW HITPOINT WARNING * * *
Things that are here:
a +0 scale mail; a yak corpse The boulder beetle curls into a ball and begins rolling!
Okay, then.
You hit the boulder beetle but do no damage.
The boulder beetle is lightly wounded.
The boulder beetle hits you.
* * * LOW HITPOINT WARNING * * *
The boulder beetle stops rolling and uncurls.
Okay, then.
You feel better. The boulder beetle bites you!
You die...

#.# #.# #.# #.#.# #.# #.# #.#
#...## #.# #.# #.# #....# #.# #.#
#.# ###..# #.# #.# #.# #..#
#.######># #.# #..# .........#
######.##########..# ...####..#
#>°...........°B○.^###
#..####..###°#○#@#.#########.....
#..............B..............###
#.#####......#.#.#.############
#.# #.###..[.....# #.#####.#
##.###.### #...<...####.###.#
######...........# #############


You could see a boulder beetle.

Vanquished Creatures
  Nessos (D:12)
  A two-headed ogre (D:11)
  Pikel (D:8)
  Maggie (D:8)
  A komodo dragon (D:11)
  4 trolls
  A wyvern (D:8)
  12 yaks
  A steam dragon (D:7)
  A basilisk (D:7)
  2 acid dragons
  Duvessa (D:6)
  A water moccasin (D:7)
  2 orc warriors (D:9)
  3 ice beasts
  A hornet zombie (D:7)
  2 sky beasts
  A necrophage (D:8)
  An ogre (D:4)
  A wolf (D:8)
  5 centaurs
  2 phantoms
  Blork the orc (D:5)
  A kobold brigand (D:7)
  5 bullfrogs
  A scorpion (D:6)
  2 water moccasin zombies (D:4)
  Dowan (D:6)
  A water moccasin skeleton (D:6)
  3 killer bees
  5 wights (D:10)
  6 electric eels
  A howler monkey (D:11)
  4 centaur zombies
  A jelly (D:4)
  A bullfrog zombie (D:4)
  8 hounds
  5 orc priests
  2 gnoll shamans
  2 bullfrog skeletons (D:4)
  3 iguanas
  5 orc wizards
  A scorpion zombie (D:4)
  A killer bee zombie (D:8)
  A hound zombie (D:4)
  2 howler monkey zombies
  7 gnolls
  A howler monkey skeleton (D:7)
  4 adders
  2 adder zombies (D:4)
  5 adder skeletons
  3 dart slugs
  17 orcs
  6 ball pythons
  6 bats
  5 endoplasms
  6 giant cockroaches
  8 goblins
  9 hobgoblins
  3 jackals (D:3)
  7 quokkas
  4 frilled lizards
  9 kobolds
  A quokka skeleton (D:4)
  3 rats
  A spectral hobgoblin (D:8)
216 creatures vanquished.

Vanquished Creatures (others)
  An orc (D:7)
  27 plants (D:7)
28 creatures vanquished.

Grand Total: 244 creatures vanquished

Notes
Turn   | Place    | Note
-------+----------+-------------------------------------------
     0 | D:1      | ytrimaz the Octopode Brigand began the quest for the Orb.
     0 | D:1      | Reached XP level 1. HP: 14/14 MP: 1/1
    83 | D:1      | Reached XP level 2. HP: 19/19 MP: 2/2
   239 | D:1      | Reached skill level 6 in Stealth
   506 | D:1      | Found a faded altar of an unknown god.
   811 | D:2      | Reached XP level 3. HP: 24/24 MP: 3/3
  1718 | D:3      | Found a stormy altar of Qazlal.
  1736 | D:3      | Reached skill level 7 in Stealth
  1736 | D:3      | Reached XP level 4. HP: 29/29 MP: 4/4
  1836 | D:3      | Found an opulent altar of Gozag.
  2866 | D:4      | Noticed an ogre
  2871 | D:4      | Killed an ogre
  2872 | D:4      | Reached skill level 8 in Stealth
  2872 | D:4      | Reached XP level 5. HP: 35/35 MP: 5/5
  2884 | D:4      | Found a staircase to the Ecumenical Temple.
  2898 | D:4      | Reached XP level 6. HP: 32/41 MP: 6/6
  2899 | Temple   | Entered the Ecumenical Temple
  3115 | D:4      | Reached skill level 9 in Stealth
  3538 | D:4      | Found the ring of the Tortoise {AC+8}
  3666 | D:4      | Reached XP level 7. HP: 45/45 MP: 7/7
  3742 | D:4      | Found a shadowy altar of Dithmenos.
  3769 | D:4      | Became a worshipper of Dithmenos the Shadowed
  3832 | D:4      | Reached skill level 10 in Stealth
  3959 | D:5      | Entered Level 5 of the Dungeon
  4047 | D:5      | You fall into a shaft and drop 3 floors!
  4207 | D:8      | Noticed Pikel
  4281 | D:8      | Reached skill level 11 in Stealth
  4281 | D:8      | Reached XP level 8. HP: 43/52 MP: 8/8
  4803 | D:5      | Found a burning altar of Makhleb.
  4898 | D:5      | HP: 1/52 [something/ball of steam (18)]
  5170 | D:5      | Noticed Blork the orc
  5185 | D:5      | Killed Blork the orc
  5272 | D:5      | Reached skill level 12 in Stealth
  5380 | D:6      | Noticed Dowan
  5381 | D:6      | Noticed Duvessa
  5720 | D:6      | Killed Dowan
  5721 | D:6      | Reached skill level 5 in Short Blades
  5721 | D:6      | Reached skill level 13 in Stealth
  5747 | D:7      | Reached * piety under Dithmenos
  5989 | D:7      | Reached XP level 9. HP: 58/58 MP: 9/9
  6148 | D:7      | Found a sparkling altar of Nemelex Xobeh.
  6297 | D:7      | Found a snail-covered altar of Cheibriados.
  6394 | D:7      | Gained mutation: You are occasionally teleported next to
                  | monsters. [potion of mutation]
  6394 | D:7      | Gained mutation: Your skin blends seamlessly with your
                  | surroundings (Stealth++). [potion of mutation]
  6400 | D:7      | Reached skill level 14 in Stealth
  7173 | D:7      | Found a blossoming altar of Fedhas.
  7273 | D:7      | Found a bloodstained altar of Trog.
  7353 | D:7      | Reached skill level 15 in Stealth
  7356 | D:7      | Reached XP level 10. HP: 65/65 MP: 10/10
  7558 | D:6      | Killed Duvessa
  7882 | D:6      | Reached skill level 16 in Stealth
  8113 | D:8      | Found a staircase to the Lair.
  8617 | D:8      | Reached ** piety under Dithmenos
  8803 | D:8      | Noticed Maggie
  8842 | D:8      | Killed Maggie
  8872 | D:8      | Reached skill level 17 in Stealth
  9002 | D:8      | Noticed a lindwurm
  9035 | D:8      | Reached skill level 5 in Dodging
  9113 | D:8      | Noticed a lindwurm
  9148 | D:8      | Noticed a lindwurm
  9235 | D:8      | Found a hazy altar of Hepliaklqana.
  9445 | D:8      | Killed Pikel
  9446 | D:8      | Reached skill level 1 in Invocations
  9531 | D:8      | Reached skill level 5 in Fighting
 10032 | D:9      | Found Cunen's Magic Scroll Shop.
 10358 | D:9      | Bought a scroll of magic mapping for 45 gold pieces
 10358 | D:9      | Bought a scroll of enchant weapon for 97 gold pieces
 10358 | D:9      | Bought a scroll of enchant weapon for 97 gold pieces
 10536 | D:10     | Entered Level 10 of the Dungeon
 10548 | D:10     | Reached skill level 18 in Stealth
 10588 | D:10     | Reached XP level 11. HP: 62/71 MP: 12/12
 10695 | D:10     | Found a glowing golden altar of the Shining One.
 10695 | D:10     | Found a glowing silver altar of Zin.
 10695 | D:10     | Found a white marble altar of Elyvilon.
 11080 | D:10     | Reached *** piety under Dithmenos
 11314 | D:10     | Noticed Nergalle
 11835 | D:11     | Noticed a two-headed ogre
 11850 | D:11     | Killed a two-headed ogre
 11876 | D:11     | Found a staircase to the Orcish Mines.
 12964 | D:12     | Noticed a five-headed hydra
 13294 | D:12     | Noticed Nessos
 13294 | D:12     | Noticed a boulder beetle
 13296 | D:12     | Killed Nessos
 13544 | D:11     | Slain by a boulder beetle

Illustrated notes

Levels and vault maps discovered:
D:1:      lemuel_arrival_muddy, layout_basic, ebering_ecumenical_altar_webs
D:2:      layout_loops_cross
D:3:      layout_basic, nicolae_gozag_seed_capital, mainiacjoe_overflow_chevrons
D:4:      minmay_evil_eye, layout_rooms, mainiacjoe_overflow_surrounded_room,
          minmay_temple_entry_waves, serial_undead, serial_undead_b,
          serial_undead_c, serial_undead_a, serial_undead_d
D:5:      layout_gridville, nicolae_overflow_crystal_walls,
          chequers_serial_rivers_micro_d, uniq_blork_the_orc
D:6:      layout_gridville, uniq_duvessa
D:7:      layout_loops_corners, mainiacjoe_overflow_tiny_flanked,
          fedhas_altar_2, nemelex_xobeh_ov_fountains_minmay,
          cheibriados_altar_1, serial_bayou_lagoon_b
D:8:      layout_loops_ring, nicolae_hepliaklqana_monster_ancestors,
          erik_lair_island, enter_bailey_3, minmay_statues_item,
          kennysheep_nondescript, minmay_lindwurm_lava, uniq_pikel, uniq_maggie
D:9:      layout_rooms, serial_shops, shop, hangedman_abyss_or_decor_stabs
D:10:     layout_long_grid, good_gods_mini_temple, uniq_nergalle
D:11:     layout_loops_ring, orc_0_dummy
D:12:     minmay_concentric_multi, layout_layer_cave,
          minmay_checkered_concentric_circles, uniq_nessos
Temple:   jpeg_temple_alley_garden

Skill      XL: |  1  2  3  4  5  6  7  8  9 10 11 |
---------------+----------------------------------+-----
Stealth        | 6 7 8 9 11 13 15 18 | 18.0
Short Blades   | 3 4 5 6 7 8 |  8.6
Dodging        | 2 3 4 5 6 |  6.9
Fighting       | 3 4 5 |  5.9
Invocations    | 2 4 |  4.7
Throwing       | |  2.0

Action                   |  1- 3 |  4- 6 |  7- 9 | 10-12 || total
-------------------------+-------+-------+-------+-------++-------
Melee: Dagger            |    77 |    98 |   183 |   256 ||   614
       Tentacles         |     9 |    13 |    39 |    50 ||   111
       Constrict         |    16 |    20 |    33 |    31 ||   100
Throw: Dart              |       |     2 |    28 |    18 ||    48
Invok: Shadow Step       |       |       |       |     2 ||     2
  Use: Scroll            |     5 |     2 |     9 |    13 ||    29
       Potion            |       |     1 |     5 |     7 ||    13
 Stab: Sleeping          |    18 |     8 |    21 |    31 ||    78
       Distracted        |     1 |     1 |     1 |     1 ||     4
       Invisible         |       |       |     2 |     2 ||     4
Armor: Skin              |     6 |     8 |    34 |    42 ||    90
Dodge: Dodged            |    46 |    58 |    92 |   277 ||   473

Table legend: (Time is in decaauts)
 A = Elapsed time spent in this place.
 B = Non-inter-level travel time spent in this place.
 C = Inter-level travel time spent in this place.
 D = Time resting spent in this place.
 E = Time spent auto-exploring this place.
 F = Levels seen in this place.
 G = Mean time per level.
                   A        B        C        D        E       F      G
               +--------+--------+--------+--------+--------+-----+--------+
         Total |  13417 |  12885 |    532 |   4217 |   5559 |  13 | 1032.1 |
       Dungeon |  13265 |  12765 |    500 |   4155 |   5532 |  12 | 1105.4 |
        Temple |    151 |    119 |     32 |     62 |     27 |   1 |  151.0 |
               +--------+--------+--------+--------+--------+-----+--------+

Top non-repeatable levels by time:
     D:8: 2097 daAuts
     D:7: 1928 daAuts
    D:11: 1547 daAuts
    D:10: 1240 daAuts
     D:3: 1114 daAuts
     D:5: 1053 daAuts
     D:4: 957 daAuts
     D:2: 904 daAuts
     D:6: 892 daAuts
     D:1: 805 daAuts
     D:9: 571 daAuts
    D:12: 152 daAuts
  Temple: 151 daAuts
